 Dungeon Crawl Stone Soup version 0.19-a0-867-g949743d (webtiles) character file.

246 matakusis the Ducker (level 5, -5/41 HPs)
             Began as a Demonspawn Gladiator on July 3, 2016.
             Slain by a centaur (8 damage)
             ... on level 4 of the Dungeon.
             The game lasted 00:06:30 (2630 turns).

matakusis the Ducker (Demonspawn Gladiator)         Turns: 2630, Time: 00:06:32

Health: -5/41      AC:  6    Str: 16    XL:     5   Next: 84%
Magic:  0/5        EV: 14    Int:  9    God:
Gold:   105        SH:  0    Dex: 17    Spells: 0 memorised, 4 levels left

rFire  . . .     SeeInvis .     a - +0 long sword
rCold  . . .     Gourm    .     b - +0 leather armour
rNeg   . . .     Faith    .     (no shield)
rPois  .         Spirit   +     c - +0 helmet
rElec  .         Dismiss  .     g - +1 cloak
rCorr  .         Reflect  .     (no gloves)
SustAt .         Harm     .     (no boots)
MR     .....                    (no amulet)
Stlth  +.........               (no ring)
                                m - +3 ring of dexterity

@: not resistant to hostile enchantments, very unstealthy
A: hooves 1, magic shield, rot immunity
a: no special abilities


You were on level 4 of the Dungeon.
You were hungry.

You visited 1 branch of the dungeon, and saw 4 of its levels.

You collected 105 gold pieces.

Inventory:

Hand Weapons
 a - a +0 long sword (weapon)
Missiles
 d - 3 throwing nets (quivered)
Armour
 b - a +0 leather armour (worn)
 c - a +0 helmet (worn)
 g - a +1 cloak (worn)
Jewellery
 m - a +3 ring of dexterity (left hand)
Wands
 t - a wand of flame (34/48)
Scrolls
 h - 2 scrolls of magic mapping
 k - 3 scrolls of teleportation
 o - a scroll of identify
 u - a scroll of remove curse
Potions
 e - 2 potions of haste
 j - a potion of heal wounds
 n - 2 potions of invisibility
 q - a potion of flight
Comestibles
 f - 4 bread rations
 l - a royal jelly
 r - a meat ration


   Skills:
 * Level 3.1 Fighting
 + Level 3.2 Long Blades
 + Level 1.7 Throwing
 + Level 1.6 Armour
 * Level 4.8 Dodging


You had 4 spell levels left.
You didn't know any spells.

Dungeon Overview and Level Annotations

Branches:
Dungeon (4/15)
 Temple: D:4-7

Altars:
Elyvilon
Nemelex Xobeh


Innate Abilities, Weirdness & Mutations

You have large cloven feet.
When hurt, damage is shared between your health and your magic reserves.
You are immune to rotting.


Message History

an arrow; a helmet You hit the centaur.
The centaur is lightly wounded.
The centaur unwields an uncursed shortbow.
The centaur barely misses you.
You barely miss the centaur. You kick the centaur, but do no damage.
The centaur is lightly wounded.
The centaur barely misses you. The centaur hits you.
* * * LOW HITPOINT WARNING * * *
You hit the centaur. You kick the centaur, but do no damage.
The centaur is moderately wounded.
The centaur closely misses you.
The centaur hits you but does no damage.
You closely miss the centaur.
The centaur is moderately wounded.
The centaur barely misses you.
You riposte.
You hit the centaur but do no damage. You kick the centaur, but do no damage.
The centaur is moderately wounded.
The centaur hits you!
You die...

#...#####..# . ...
#......##..# .. ...
#...##.##.)####.##.#
###
#..........((......#
#########.((....####
#(>######
########..#
.......(..#
!......@..#
.####.c..## #.####
#. #. #


You could see a centaur.

Vanquished Creatures
  A phantom (D:4)
  Crazy Yiuf (D:2)
  3 gnolls (D:4)
  3 adders
  3 worms
  A giant gecko (D:4)
  7 orcs
  3 giant cockroaches
  8 goblins
  5 hobgoblins
  4 jackals (D:1)
  6 kobolds
  A quokka (D:4)
  7 bats
  4 giant newts
  4 rats
61 creatures vanquished.

Vanquished Creatures (others)
  An orc (D:4)
  A quokka (D:4)
2 creatures vanquished.

Grand Total: 63 creatures vanquished

Notes
Turn   | Place    | Note
-------+----------+-------------------------------------------
     0 | D:1      | matakusis the Demonspawn Gladiator began the quest for the Orb.
     0 | D:1      | Reached XP level 1. HP: 16/16 MP: 1/1
    77 | D:1      | Reached skill level 3 in Dodging
    93 | D:1      | Gained mutation: You have large cloven feet. [demonic ancestry]
    93 | D:1      | Reached XP level 2. HP: 13/22 MP: 2/2
   607 | D:2      | Reached XP level 3. HP: 22/27 MP: 3/3
   760 | D:2      | Found a white marble altar of Elyvilon.
  1278 | D:2      | Found a runed door.
  1342 | D:2      | Noticed Crazy Yiuf
  1347 | D:2      | Killed Crazy Yiuf
  1347 | D:2      | Reached skill level 4 in Dodging
  1347 | D:2      | Gained mutation: When hurt, damage is shared between your health and your magic reserves. [demonic ancestry]
  1347 | D:2      | Reached XP level 4. HP: 30/34 MP: 4/4
  1908 | D:3      | Reached skill level 1 in Armour
  2218 | D:3      | Found a sparkling altar of Nemelex Xobeh.
  2263 | D:4      | Noticed a phantom
  2291 | D:4      | Gained mutation: You are immune to rotting. [demonic ancestry]
  2291 | D:4      | Reached XP level 5. HP: 20/39 MP: 5/5
  2314 | D:4      | Killed a phantom
  2618 | D:4      | Noticed a centaur
  2630 | D:4      | Slain by a centaur

Vault maps used:
D:1:      dpeg_arrival_rhombus
D:2:      overflow_temple_1_default, uniq_crazy_yiuf_cottage
D:3:      nicolae_overflow_hidden_temple, kennysheep_generic_room_7
D:4:      fedhas_altar_3, first_bread, uniq_grinder

Skill      XL: |  1  2  3  4  5 |
---------------+----------------+-----
Dodging        | 3 4 |  4.8
Long Blades    | 3 |  3.2
Armour         | 1 |  1.6
Fighting       | 3 |  3.1
Throwing       | |  1.7

Action                   |  1- 3 |  4- 6 || total
-------------------------+-------+-------++-------
Melee: Long sword        |   100 |   141 ||   241
       Kick              |    26 |    45 ||    71
  Use: Scroll            |     5 |     5 ||    10
       Potion            |     4 |     1 ||     5
  Eat: Chunk             |     1 |     4 ||     5
Armor: Leather armour    |    26 |    31 ||    57
Dodge: Dodged            |    60 |    89 ||   149
